[Event "Titled Tuesday Blitz March 22 Late 2022"]
[White "Ladan, Nicholas"]
[Black "Ottosen, David"]
[WhiteFideId "30918855"]
[BlackFideId "2603080"]
[WhiteElo "2167"]
[BlackElo "2085"]
[Result "0-1"]
[Round "03"]
[TimeControl "180+1"]
[Date "2022.03.22"]
[WhiteClock "0:00:02"]
[BlackClock "0:00:50"]

1. d4 d5 2. Bf4 c6 3. e3 Qb6 4. Qc1 Nf6 5. c4 e6 6. c5 Qa5+ 7. Nc3 Nbd7 8. a3 e5 9. b4 Qc7 10. dxe5 Nxe5 11. Nf3 Nxf3+ 12. gxf3 Qd8 13. Ne2 Be7 14. Nd4 Nh5 15. Bg3 Nxg3 16. hxg3 Bf6 17. Qd2 g6 18. f4 Bg4 19. Bg2 Qe7 20. Kf1 O-O 21. Re1 Bg7 22. Kg1 Qc7 23. f3 Bd7 24. g4 a5 25. Bf1 axb4 26. axb4 Rfe8 27. g5 Ra3 28. Nc2 Rb3 29. Qh2 Bf5 30. Nd4 Rbxe3 31. Rxe3 Rxe3 32. Nxf5 gxf5 33. Qxh7+ Kf8 34. Qxf5 Rxf3 35. Rh4 Bd4+ 36. Kg2 Rf2+ 37. Kg3 Rxf1 38. g6 Bg7 39. gxf7 d4 40. Rh5 d3 41. Qe4 Qd7 42. Rf5 d2 0-1


[Site "https://www.chess.com"]

[Event "Titled Tuesday Blitz March 22 Late 2022"]
[White "Lauridsen, Jesper Morch"]
[Black "Debray, Christopher"]
[WhiteFideId "1401890"]
[BlackFideId "630810"]
[WhiteElo "2272"]
[BlackElo "2393"]
[Result "0-1"]
[Round "03"]
[TimeControl "180+1"]
[Date "2022.03.22"]
[WhiteClock "0:00:42"]
[BlackClock "0:00:59"]

1. e4 e5 2. f4 exf4 3. Nf3 Ne7 4. d4 d5 5. Nc3 dxe4 6. Nxe4 Nd5 7. Bc4 Be7 8. O-O O-O 9. c3 Nc6 10. Qc2 Be6 11. Bd3 h6 12. Bb5 a6 13. Bxc6 bxc6 14. Ne5 Qe8 15. Bxf4 Nxf4 16. Rxf4 Bd6 17. Raf1 f6 18. Nc5 fxe5 19. Rxf8+ Bxf8 20. Qe4 Bxc5 21. dxc5 Bd5 22. Qf5 Qf8 23. Qxe5 Qxc5+ 24. Kh1 Bxg2+ 0-1


[Site "https://www.chess.com"]

[Event "Titled Tuesday Blitz March 22 Late 2022"]
[White "Le Goff, Ronan"]
[Black "Kohler, Aran"]
[WhiteFideId "612073"]
[BlackFideId "1002856"]
[WhiteElo "2276"]
[BlackElo "2286"]
[Result "1-0"]
[Round "03"]
[TimeControl "180+1"]
[Date "2022.03.22"]
[WhiteClock "0:00:07"]
[BlackClock "0:00:10"]

1. d4 Nf6 2. c4 c5 3. d5 b5 4. cxb5 a6 5. b6 Qxb6 6. Nc3 g6 7. e4 d6 8. Nf3 Bg7 9. Nd2 O-O 10. Nc4 Qc7 11. Be2 Nbd7 12. O-O Rb8 13. h3 Nb6 14. Nxb6 Rxb6 15. Qc2 Nd7 16. Be3 Rb4 17. a3 Rb8 18. Rac1 f5 19. Bg5 Nf6 20. e5 dxe5 21. Na4 Ne4 22. Be3 Kh8 23. b4 f4 24. Nxc5 fxe3 25. Nxe4 Qxc2 26. Rxc2 Bf5 27. Bf3 exf2+ 28. Rfxf2 Bh6 29. Rfe2 Rbc8 30. Rxc8 Rxc8 31. Nc5 a5 32. Rxe5 axb4 33. axb4 Bd2 34. Na6 Bd3 35. Nc5 Bb5 36. Bg4 Rf8 37. Ne6 Rf1+ 38. Kh2 Bxb4 39. Re4 Bd6+ 40. g3 Rf2+ 41. Kg1 Rf1+ 42. Kg2 Rf2+ 43. Kxf2 h5 44. Bf3 Kh7 45. Nd4 Bd3 46. Re3 Bb1 47. Ke2 Bc5 48. Ne6 Bxe3 49. Kxe3 Bf5 50. Bg2 Kg8 51. Kf4 Kf7 52. g4 hxg4 53. Ng5+ Kf6 54. hxg4 Bc2 55. Ne4+ Kf7 56. Nc5 Bb1 57. Be4 Ba2 58. Ne6 Kf6 59. g5+ Kf7 60. Ke5 Bb3 61. Nf4 Kg7 62. Nxg6 Bxd5 63. Bxd5 Kxg6 64. Kf4 e5+ 65. Kg4 Kg7 66. Be4 Kf7 67. Kf5 Kg7 68. Kxe5 Kf7 69. Kf5 Kg7 70. g6 Kg8 71. Kg5 Kh8 72. Kf6 Kg8 73. Bd5+ Kh8 74. g7+ 1-0


[Site "https://www.chess.com"]

[Event "Titled Tuesday Blitz March 22 Late 2022"]
[White "Liu, Leonardo"]
[Black "Swicarz, Maciej"]
[WhiteFideId "30965780"]
[BlackFideId "1113585"]
[WhiteElo "2297"]
[BlackElo "2057"]
[Result "0-1"]
[Round "03"]
[TimeControl "180+1"]
[Date "2022.03.22"]
[WhiteClock "0:00:14"]
[BlackClock "0:00:29"]

1. e4 c6 2. Nc3 d5 3. Nf3 Nf6 4. exd5 cxd5 5. Bb5+ Bd7 6. Bxd7+ Nbxd7 7. O-O e6 8. d4 Bd6 9. Re1 O-O 10. Ne5 a6 11. Bg5 Qc7 12. f4 Rac8 13. Re3 h6 14. Bh4 b5 15. a3 Be7 16. Bg3 Bd6 17. Qd2 Nb6 18. Bh4 Bxe5 19. fxe5 Nc4 20. Qe2 Nxe3 21. Qxe3 Nh7 22. Rf1 Qc4 23. Qf2 a5 24. Be7 b4 25. axb4 axb4 26. Bxf8 Rxf8 27. Na4 Ng5 28. Nc5 Ne4 29. Nxe4 dxe4 30. h3 e3 31. Qxe3 Qxc2 32. Rf2 Qb1+ 33. Kh2 Rc8 34. Qf3 Rc7 35. Qa8+ Kh7 36. Qb8 Qe1 37. Qxc7 Qxf2 38. Qc5 Qxb2 39. Kh1 Qc3 40. Qe7 b3 41. Qb7 Qc2 42. Kh2 b2 43. Qxf7 b1=Q 44. Qxe6 Qf1 45. Qd5 Qf4+ 46. Kg1 Qd1# 0-1


[Site "https://www.chess.com"]

[Event "Titled Tuesday Blitz March 22 Late 2022"]
[White "Maksimovic, Bojan"]
[Black "Baches Garcia, Guillermo"]
[WhiteFideId "14408120"]
[BlackFideId "2209764"]
[WhiteElo "2448"]
[BlackElo "2470"]
[Result "1-0"]
[Round "03"]
[TimeControl "180+1"]
[Date "2022.03.22"]
[WhiteClock "0:00:03"]
[BlackClock "0:00:05"]

1. e4 c5 2. Nf3 d6 3. d4 cxd4 4. Nxd4 Nf6 5. Nc3 Nc6 6. Bg5 e6 7. Qd2 h6 8. Bxf6 gxf6 9. O-O-O a6 10. f4 Bd7 11. Kb1 Qb6 12. Nb3 O-O-O 13. g3 Kb8 14. Be2 h5 15. h4 Be7 16. Bf3 Rc8 17. Rhg1 Rc7 18. Rg2 a5 19. a3 Na7 20. Re2 a4 21. Nc1 Rhc8 22. N1a2 Nb5 23. Nxb5 Bxb5 24. Rh2 Rxc2 25. Qxc2 Rxc2 26. Rxc2 Qe3 27. Rc3 Qf2 28. Bxh5 f5 29. exf5 Bf6 30. fxe6 fxe6 31. Rxd6 Bxc3 32. Nxc3 Bc6 33. Rd3 Qf1+ 34. Kc2 Qg2+ 35. Be2 Bd5 36. Kd2 Bc4 37. Re3 Bxe2 38. Nxe2 Qd5+ 39. Rd3 Qg2 40. Rd4 Qh2 41. Rxa4 Kc7 42. Rb4 Kc6 43. Rd4 Kc5 44. a4 Qf2 45. b4+ Kc6 46. Rd3 Qf1 47. Rc3+ Kd7 48. a5 Ke7 49. Rc7+ Kd6 50. Rxb7 Qb1 51. Rb6+ Ke7 52. Rb7+ Kf6 53. g4 Qa2+ 54. Ke3 Qb3+ 55. Kf2 Qh3 56. g5+ Kf5 57. Rf7+ Ke4 58. Re7 Qh2+ 59. Ke1 Kd3 60. Rxe6 Qh1+ 61. Kf2 Qh2+ 62. Kf3 Qh3+ 63. Ng3 Qxe6 64. f5 Qe4+ 65. Nxe4 1-0


[Site "https://www.chess.com"]

[Event "Titled Tuesday Blitz March 22 Late 2022"]
[White "Maltsevskaya, Aleksandra"]
[Black "Fieberg, Samuel"]
[WhiteFideId "24174041"]
[BlackFideId "12901717"]
[WhiteElo "2241"]
[BlackElo "2461"]
[Result "1-0"]
[Round "03"]
[TimeControl "180+1"]
[Date "2022.03.22"]
[WhiteClock "0:00:05"]
[BlackClock "0:00:08"]

1. e4 e5 2. Nf3 Nc6 3. Bb5 Nf6 4. O-O Nxe4 5. d4 Nd6 6. Bxc6 dxc6 7. dxe5 Nf5 8. Qxd8+ Kxd8 9. Rd1+ Ke8 10. Nc3 Ne7 11. h3 Ng6 12. b3 Be7 13. Bb2 Be6 14. Ne2 Rd8 15. c4 c5 16. Nc3 Rxd1+ 17. Rxd1 Bd8 18. Kh2 h5 19. g3 b6 20. Nb5 a6 21. Na7 Ne7 22. Nd2 c6 23. a4 Bc7 24. Ne4 a5 25. f4 g6 26. Nf6+ Kf8 27. Kg2 Kg7 28. g4 hxg4 29. hxg4 Bb8 30. f5 gxf5 31. gxf5 Bxf5 32. e6 Bxe6 33. Nh5+ Kh7 34. Bxh8 Bxa7 35. Bf6 Ng6 36. Rh1 Kg8 37. Kf2 Bb8 38. Kf3 Bc7 39. Bc3 Kf8 40. Nf6 Ke7 41. Rd1 Bd6 42. Ne4 Bc7 43. Bf6+ Ke8 44. Ke3 Bf5 45. Ng5 Be6 46. Kf3 Bd7 47. Re1+ Kf8 48. Nh7+ Kg8 49. Rh1 Be6 50. Be7 Kg7 51. Nf6 Be5 52. Rh7# 1-0


[Site "https://www.chess.com"]

[Event "Titled Tuesday Blitz March 22 Late 2022"]
[White "Mangialardo, Tiago Carvalho"]
[Black "Janturin, Artur"]
[WhiteFideId "2130718"]
[BlackFideId "4130022"]
[WhiteElo "2087"]
[BlackElo "2370"]
[Result "1-0"]
[Round "03"]
[TimeControl "180+1"]
[Date "2022.03.22"]
[WhiteClock "0:00:05"]
[BlackClock "0:00:01"]

1. e4 e6 2. d4 d5 3. exd5 Qxd5 4. Nf3 Nf6 5. Be2 Be7 6. O-O O-O 7. c3 c5 8. Be3 Nbd7 9. Nbd2 b6 10. Bc4 Qh5 11. Be2 Qd5 12. Bc4 Qc6 13. a4 Bb7 14. Bb5 Qc7 15. dxc5 Nxc5 16. Qe2 Rfd8 17. Bd4 Bf8 18. Rfe1 Nd5 19. Ne5 f6 20. Nd3 e5 21. Bxc5 Bxc5 22. Nxc5 Qxc5 23. Ne4 Qc7 24. Qg4 Kh8 25. Rad1 Bc8 26. Qg3 Be6 27. Bd3 Bg8 28. h4 Nf4 29. Bc2 Rxd1 30. Rxd1 Rd8 31. Qg4 Be6 32. Qf3 Bc4 33. g3 Be2 34. Rxd8+ Qxd8 35. Qe3 Bd3 36. Bxd3 Qxd3 37. gxf4 Qb1+ 38. Kg2 Qxb2 39. Qd2 Qxd2 40. Nxd2 exf4 41. Kf3 g5 42. hxg5 fxg5 43. Kg4 h6 44. Kf5 Kg7 45. Nc4 Kf7 46. Ne5+ Ke7 47. Nc6+ Kd6 48. Nxa7 Kc5 49. Nc8 Kc6 50. Kg6 1-0


[Site "https://www.chess.com"]

[Event "Titled Tuesday Blitz March 22 Late 2022"]
[White "Martin Barcelo, Carles"]
[Black "Romero Ruscalleda, Josep"]
[WhiteFideId "24561444"]
[BlackFideId "2231859"]
[WhiteElo "1875"]
[BlackElo "2266"]
[Result "1-0"]
[Round "03"]
[TimeControl "180+1"]
[Date "2022.03.22"]
[WhiteClock "0:01:23"]
[BlackClock "0:01:03"]

1. e4 g6 2. d4 Bg7 3. Nf3 d6 4. Bd3 Nf6 5. c3 Nbd7 6. O-O O-O 7. h3 b6 8. Be3 Bb7 9. Nbd2 c5 10. Re1 e5 11. a4 Qe7 12. dxe5 Nxe5 13. Nxe5 dxe5 14. Qe2 Rfd8 15. a5 Rd6 16. Nc4 Rxd3 17. Qxd3 Bxe4 18. Qe2 Rb8 19. axb6 axb6 20. Bg5 Bd5 21. Qxe5 Qxe5 22. Nxe5 Ne4 23. Bf4 Re8 24. f3 Nf6 25. Ng4 Rxe1+ 26. Rxe1 Nxg4 27. hxg4 b5 28. Re8+ Bf8 29. Bh6 1-0


[Site "https://www.chess.com"]

[Event "Titled Tuesday Blitz March 22 Late 2022"]
[White "Martin Duque, Jesus"]
[Black "Xie, Bryan"]
[WhiteFideId "2208954"]
[BlackFideId "30941296"]
[WhiteElo "2243"]
[BlackElo "1899"]
[Result "1-0"]
[Round "03"]
[TimeControl "180+1"]
[Date "2022.03.22"]
[WhiteClock "0:02:00"]
[BlackClock "0:00:01"]

1. Nf3 Nf6 2. b3 b6 3. Bb2 Bb7 4. g3 e6 5. Bg2 Be7 6. O-O O-O 7. e3 c5 8. Qe2 Nc6 9. c4 d5 10. Rd1 d4 11. Ne5 Nxe5 12. Bxb7 Rb8 13. Bg2 Qd6 14. exd4 cxd4 15. Ba3 d3 16. Qe3 Neg4 17. Bxd6 Nxe3 18. dxe3 Bxd6 19. Rxd3 Be5 20. Nc3 Bxc3 21. Rxc3 Rfd8 22. b4 Rbc8 23. c5 bxc5 24. bxc5 Nd5 25. Bxd5 Rxd5 26. c6 Kf8 27. Rb1 Rd6 28. c7 Ke7 29. Rb7 Kd7 30. Rxa7 Rc6 31. Rxc6 Kxc6 32. g4 Kb6 33. Ra4 Rxc7 34. h4 Rc2 35. Kg2 Kc6 36. Kg3 Kd6 37. Ra7 g6 38. Rxf7 Rxa2 39. Rxh7 Ke5 40. g5 Ke4 41. Rg7 Ra1 42. Rxg6 Rg1+ 43. Kh2 Rg4 44. Rh6 Kf3 45. Rf6+ Ke2 46. Rf4 Rxf4 47. exf4 Kf3 48. g6 Kxf4 49. g7 1-0


[Site "https://www.chess.com"]

[Event "Titled Tuesday Blitz March 22 Late 2022"]
[White "Martinez Reyes, Pedro Ramon"]
[Black "Saveliev, Alexei"]
[WhiteFideId "3901807"]
[BlackFideId "24128546"]
[WhiteElo "2410"]
[BlackElo "2281"]
[Result "0-1"]
[Round "03"]
[TimeControl "180+1"]
[Date "2022.03.22"]
[WhiteClock "0:01:08"]
[BlackClock "0:01:28"]

1. g4 h5 2. g5 d5 3. Bg2 g6 4. c4 c6 5. cxd5 cxd5 6. Qb3 e6 7. h4 Bg7 8. e3 Ne7 9. Ne2 O-O 10. d4 Nbc6 11. Bd2 e5 12. dxe5 Nxe5 13. O-O Be6 14. Nd4 Nf5 15. Nxf5 Bxf5 16. Qxd5 Qxd5 17. Bxd5 Bxb1 18. Rfxb1 Rad8 19. e4 Nf3+ 20. Kg2 Nxd2 21. Rd1 Bxb2 0-1


[Site "https://www.chess.com"]

[Event "Titled Tuesday Blitz March 22 Late 2022"]
[White "Matinian, Nikita"]
[Black "Jacobson, Brandon"]
[WhiteFideId "24129100"]
[BlackFideId "30901561"]
[WhiteElo "2422"]
[BlackElo "2362"]
[Result "1-0"]
[Round "03"]
[TimeControl "180+1"]
[Date "2022.03.22"]
[WhiteClock "0:00:04"]
[BlackClock "0:00:06"]

1. e4 c5 2. Nc3 d6 3. f4 Nc6 4. Nf3 g6 5. Bb5 Bd7 6. Bc4 Bg7 7. d3 e6 8. f5 gxf5 9. Ng5 Nf6 10. O-O h6 11. Nh3 fxe4 12. dxe4 Ne5 13. Be2 Bc6 14. Qe1 Qe7 15. Bf4 Nfd7 16. Qg3 Bf6 17. Rad1 a6 18. Nf2 O-O-O 19. a4 Bg5 20. Nb5 Bxf4 21. Qxf4 axb5 22. axb5 Qg5 23. g3 Nf6 24. bxc6 bxc6 25. Ra1 Qxf4 26. gxf4 Ng6 27. f5 Nf4 28. Bf3 Rhg8+ 29. Kh1 Kb7 30. Ra3 Ra8 31. fxe6 fxe6 32. Rb3+ Kc7 33. Nd3 Nxd3 34. cxd3 Nd7 35. Be2 Rgf8 36. Kg2 Rxf1 37. Kxf1 Ne5 38. Kf2 Ra1 39. Rc3 Rb1 40. b3 Rb2 41. Ke3 Nd7 42. h4 e5 43. h5 Nf6 44. Rc1 Rxb3 45. Rf1 Nd7 46. Rf7 Kd8 47. Rh7 Nb6 48. Rxh6 Kc7 49. Rh7+ Kd8 50. h6 Rb1 51. Rg7 Nd7 52. h7 Rh1 53. Rg8+ Kc7 54. h8=Q Rxh8 55. Rxh8 Nb6 56. Rh7+ Kd8 57. Bg4 c4 58. Rb7 Na4 59. Rd7+ Kc8 60. dxc4 Nb6 61. Rxd6+ Kc7 62. Rf6 Nxc4+ 63. Kf2 Nd6 64. Re6 Nxe4+ 65. Ke3 Nc5 66. Rxe5 Kd6 67. Rh5 Nb3 68. Rh6+ Kc5 69. Bd1 Nd4 70. Rh5+ Kc4 71. Rh4 c5 72. Rh8 Kc3 73. Rc8 Kb4 74. Be2 Nc2+ 75. Kd2 Nd4 76. Bf1 Nb3+ 77. Kd3 Nd4 78. Ke4 Nb3 79. Kd5 Kc3 80. Bc4 Nd2 81. Rxc5 Kb2 82. Rc8 Kc3 83. Be2+ Kb2 84. Kd4 Nb3+ 85. Ke3 Nc1 86. Bd3 Nb3 87. Rb8 Kc3 88. Be4 Nd2 89. Bd5 Nf1+ 90. Ke4 Nd2+ 91. Ke5 Kd3 92. Rh8 Kc3 93. Rh3+ Kc2 94. Kd4 Kc1 95. Rh2 Kc2 96. Rg2 Kc1 97. Kd3 Nb1 98. Ba2 Nd2 99. Rf2 Ne4 100. Kxe4 Kd1 101. Bc4 Ke1 102. Re2+ Kf1 103. Kf3 Kg1 104. Rf2 Kh1 105. Kg3 Kg1 106. Rg2+ Kh1 107. Ra2 Kg1 108. Ra1# 1-0


[Site "https://www.chess.com"]

[Event "Titled Tuesday Blitz March 22 Late 2022"]
[White "Melkumyan, Hrant"]
[Black "Gulecyuz, Deniz"]
[WhiteFideId "13302485"]
[BlackFideId "30921341"]
[WhiteElo "2604"]
[BlackElo "1923"]
[Result "0-1"]
[Round "03"]
[TimeControl "180+1"]
[Date "2022.03.22"]
[WhiteClock "0:00:18"]
[BlackClock "0:00:46"]

1. e4 c5 2. Nf3 Nc6 3. Bb5 g6 4. O-O Bg7 5. c3 e5 6. Na3 Nge7 7. Re1 O-O 8. Nc2 a6 9. Bf1 d6 10. d4 Bg4 11. d5 Nb8 12. h3 Bxf3 13. Qxf3 f5 14. a4 Nd7 15. exf5 gxf5 16. Qd1 Nf6 17. Ne3 Qe8 18. Nc4 Rd8 19. Nb6 Kh8 20. a5 Qg6 21. Ra4 f4 22. b4 cxb4 23. Rxb4 f3 24. g3 e4 25. Qa4 Nf5 26. Kh2 Nxg3 27. fxg3 Nh5 28. Rexe4 Qxg3+ 29. Kh1 Qf2 30. Rg4 Qxf1+ 31. Rg1 Qxh3# 0-1


[Site "https://www.chess.com"]

[Event "Titled Tuesday Blitz March 22 Late 2022"]
[White "Milanovic, Marko"]
[Black "Barp, Alberto"]
[WhiteFideId "980129"]
[BlackFideId "872555"]
[WhiteElo "2159"]
[BlackElo "2229"]
[Result "0-1"]
[Round "03"]
[TimeControl "180+1"]
[Date "2022.03.22"]
[WhiteClock "0:00:33"]
[BlackClock "0:00:15"]

1. e4 c6 2. Nf3 d5 3. Nc3 Bg4 4. h3 Bh5 5. exd5 cxd5 6. g4 Bg6 7. Bb5+ Nc6 8. Ne5 Rc8 9. d4 e6 10. Qe2 Bb4 11. h4 Nf6 12. h5 Be4 13. f3 O-O 14. Bxc6 bxc6 15. fxe4 Nxe4 16. Bd2 Nxd2 17. Qxd2 c5 18. a3 Ba5 19. Rh3 cxd4 20. Qxd4 f6 21. Nf3 e5 22. Qd1 d4 23. b4 Rxc3 24. bxa5 Qxa5 25. Qd2 Qd5 26. Qf2 Qe4+ 27. Kd1 d3 28. Qe1 dxc2+ 29. Kd2 Rd3+ 30. Kxc2 Rc8+ 31. Kb2 Rb3+ 32. Kxb3 Qc2+ 33. Kb4 Rc4+ 34. Kb5 Qa4# 0-1


[Site "https://www.chess.com"]

[Event "Titled Tuesday Blitz March 22 Late 2022"]
[White "Moussard, Jules"]
[Black "Plotnikov, Pavel"]
[WhiteFideId "642908"]
[BlackFideId "4170342"]
[WhiteElo "2557"]
[BlackElo "2298"]
[Result "1-0"]
[Round "03"]
[TimeControl "180+1"]
[Date "2022.03.22"]
[WhiteClock "0:02:17"]
[BlackClock "0:01:15"]

1. Nf3 e6 2. e3 f5 3. b3 Nf6 4. Bb2 b6 5. c4 Bb7 6. Nc3 c5 7. d4 d6 8. d5 e5 9. e4 f4 10. g3 fxg3 11. hxg3 Bc8 12. Bh3 Bxh3 13. Rxh3 Qd7 14. Rh1 Na6 15. Ng5 Nc7 16. a4 a5 17. Nb5 O-O-O 18. Nxc7 Qxc7 19. Ne6 Qf7 20. Nxd8 Kxd8 21. Qf3 Qg6 22. Qf5 Qxf5 23. exf5 Be7 24. f3 Rf8 25. g4 h6 26. Ke2 Nh7 27. f4 exf4 28. Bxg7 Rg8 29. Bxh6 Rxg4 30. Rag1 Nf6 31. Rxg4 1-0


[Site "https://www.chess.com"]

[Event "Titled Tuesday Blitz March 22 Late 2022"]
[White "Nazaretyan, Tigran"]
[Black "Ferreira, Vitor Hugo Vieira"]
[WhiteFideId "24162345"]
[BlackFideId "2119765"]
[WhiteElo "2219"]
[BlackElo "2165"]
[Result "1-0"]
[Round "03"]
[TimeControl "180+1"]
[Date "2022.03.22"]
[WhiteClock "0:00:48"]
[BlackClock "0:01:02"]

1. d4 d5 2. c4 c6 3. Nf3 Nf6 4. Nc3 e6 5. e3 Nbd7 6. Qc2 Bd6 7. Be2 O-O 8. O-O b6 9. b3 Bb7 10. Bb2 Qe7 11. h3 Rac8 12. Rad1 Rfd8 13. e4 e5 14. Rfe1 exd4 15. Nxd4 Be5 16. exd5 cxd5 17. Bf3 Nc5 18. Nf5 Qc7 19. Nb5 Bh2+ 20. Kh1 Qb8 21. Ne7+ Kh8 22. Nxc8 Rxc8 23. Qf5 Nce4 24. Bxe4 Nxe4 25. Rxe4 dxe4 26. Qxf7 Rg8 27. Rd7 Be5 28. Rxb7 Qd8 29. Bxe5 Qd1+ 30. Kh2 1-0


[Site "https://www.chess.com"]

[Event "Titled Tuesday Blitz March 22 Late 2022"]
[White "Niemann, Hans Moke"]
[Black "Garriga Cazorla, Pere"]
[WhiteFideId "2093596"]
[BlackFideId "32011601"]
[WhiteElo "2632"]
[BlackElo "2458"]
[Result "1-0"]
[Round "03"]
[TimeControl "180+1"]
[Date "2022.03.22"]
[WhiteClock "0:00:36"]
[BlackClock "0:00:11"]

1. d4 Nf6 2. Nc3 d5 3. Bf4 c5 4. e4 cxd4 5. Qxd4 Nc6 6. Bb5 e6 7. exd5 exd5 8. O-O-O a6 9. Bxc6+ bxc6 10. Nf3 Be7 11. Ne5 Bb7 12. Rhe1 O-O 13. Na4 Re8 14. f3 Qa5 15. Nd3 Nd7 16. Bd2 Qb5 17. Nc3 Qb6 18. Qxb6 Nxb6 19. Be3 Nd7 20. Na4 a5 21. Bc5 Bf6 22. Bd6 Ba6 23. Nac5 Nxc5 24. Nxc5 Be2 25. Rd2 Bb5 26. Rxe8+ Rxe8 27. Kd1 a4 28. b3 axb3 29. cxb3 h5 30. Kc2 Re1 31. a4 Bf1 32. Nd7 Bd8 33. Bb4 Re6 34. f4 h4 35. Bc3 f6 36. Bd4 Kf7 37. b4 h3 38. gxh3 Bxh3 39. Nc5 Re7 40. a5 Bf1 41. Rf2 Bb5 42. Kd2 Bc7 43. Be3 Bd6 44. f5 Re8 45. Rg2 Rh8 46. Bg1 Rh5 47. Ne6 Rxf5 48. Nd4 Bxb4+ 49. Kc2 Ba4+ 50. Kb2 Rf1 51. a6 Bc5 52. Be3 Re1 53. Bf2 Re8 54. Nf5 Bxf2 55. Nd6+ Kf8 56. Nxe8 Bd4+ 57. Ka3 Bb5 58. Nc7 Bc4 59. Ne6+ Kf7 60. Nxd4 Bxa6 61. Nxc6 Bd3 62. Nd4 Be4 63. Rf2 g5 64. Kb4 Kg6 65. Kc5 f5 66. Kd6 Kf6 67. Ne2 f4 68. Nc3 Kf5 69. Nxd5 Bxd5 70. Kxd5 g4 71. Kd4 g3 72. hxg3 1-0


[Site "https://www.chess.com"]

[Event "Titled Tuesday Blitz March 22 Late 2022"]
[White "Oganian, Miran"]
[Black "Horak, Martin"]
[WhiteFideId "4122488"]
[BlackFideId "367095"]
[WhiteElo "2357"]
[BlackElo "1997"]
[Result "1-0"]
[Round "03"]
[TimeControl "180+1"]
[Date "2022.03.22"]
[WhiteClock "0:01:33"]
[BlackClock "0:00:03"]

1. e4 c5 2. Nf3 e6 3. c3 Nf6 4. e5 Nd5 5. d4 cxd4 6. cxd4 d6 7. Bc4 Be7 8. O-O O-O 9. Bd2 b6 10. Nc3 Nxc3 11. Bxc3 Ba6 12. Bxa6 Nxa6 13. d5 exd5 14. Qxd5 dxe5 15. Qc4 Nc5 16. Nxe5 Rc8 17. Rad1 Qc7 18. Qg4 Bf6 19. Rfe1 Rfe8 20. f4 Rcd8 21. h3 Rxd1 22. Rxd1 Rd8 23. Rxd8+ Qxd8 24. Nc6 h5 25. Qxh5 Qd6 26. Ne5 Qd5 27. Qf3 Ne4 28. Kh2 Nxc3 29. Qxc3 g6 30. b3 Qe4 31. Qf3 Qf5 32. Ng4 Bg7 33. Ne3 Qd3 34. Nd5 Qxf3 35. gxf3 Bd4 36. f5 g5 37. Kg3 Kg7 38. Kg4 f6 39. Nc7 a5 40. Ne6+ 1-0


[Site "https://www.chess.com"]

[Event "Titled Tuesday Blitz March 22 Late 2022"]
[White "Ozates, Tuna"]
[Black "Akobian, Varuzhan"]
[WhiteFideId "6354521"]
[BlackFideId "13300580"]
[WhiteElo "2536"]
[BlackElo "2777"]
[Result "1-0"]
[Round "03"]
[TimeControl "180+1"]
[Date "2022.03.22"]
[WhiteClock "0:00:06"]
[BlackClock "0:00:05"]

1. e4 d6 2. d4 Nf6 3. Nc3 c6 4. f4 Qa5 5. e5 Ne4 6. Nf3 d5 7. Bd3 Nxc3 8. bxc3 c5 9. Bd2 c4 10. Be2 e6 11. O-O Be7 12. g4 h5 13. h3 hxg4 14. hxg4 g6 15. Kg2 Nc6 16. Rh1 Rf8 17. Qb1 Bd7 18. Rh7 O-O-O 19. a4 Qc7 20. g5 Rde8 21. Qh1 Qa5 22. Kf2 Nd8 23. Nh2 Bxa4 24. Ng4 Qb5 25. Ra2 Qc6 26. Qa1 b5 27. Bc1 Rh8 28. Rxh8 Rxh8 29. Ba3 Bxa3 30. Rxa3 Qb6 31. Qb2 Nc6 32. Nf6 Rh2+ 33. Ke3 1-0


[Site "https://www.chess.com"]

[Event "Titled Tuesday Blitz March 22 Late 2022"]
[White "P., Komal Kishore"]
[Black "Almagro Mazariegos, Sebastian"]
[WhiteFideId "5016703"]
[BlackFideId "2221640"]
[WhiteElo "2071"]
[BlackElo "2273"]
[Result "0-1"]
[Round "03"]
[TimeControl "180+1"]
[Date "2022.03.22"]
[WhiteClock "0:00:01"]
[BlackClock "0:00:18"]

1. e4 c5 2. Nf3 d6 3. Bb5+ Bd7 4. Bxd7+ Qxd7 5. O-O Nc6 6. c3 Nf6 7. Re1 e6 8. d4 cxd4 9. cxd4 d5 10. e5 Ne4 11. Nc3 Nxc3 12. bxc3 Be7 13. Bg5 Bxg5 14. Nxg5 h6 15. Qh5 g6 16. Qh4 Qe7 17. Nf3 Qxh4 18. Nxh4 Rc8 19. Rab1 Na5 20. Rb5 b6 21. Re3 Ke7 22. f4 Rc4 23. g4 Rhc8 24. f5 g5 25. fxe6 fxe6 26. Nf5+ exf5 27. gxf5 Rxc3 28. Rxc3 Rxc3 29. Rxd5 Nc4 30. f6+ Ke6 31. Rd8 Rf3 32. Kg2 Rf4 33. Kg3 Nd2 34. Re8+ Kf7 35. Re7+ Kg6 36. Rg7+ Kh5 37. f7 Nf1+ 38. Kg2 Ne3+ 39. Kg1 Nd5 0-1


[Site "https://www.chess.com"]

[Event "Titled Tuesday Blitz March 22 Late 2022"]
[White "Palchuk, Andrii"]
[Black "Dolzhykova, Kateryna"]
[WhiteFideId "14176688"]
[BlackFideId "14113414"]
[WhiteElo "2319"]
[BlackElo "2184"]
[Result "1-0"]
[Round "03"]
[TimeControl "180+1"]
[Date "2022.03.22"]
[WhiteClock "0:00:04"]
[BlackClock "0:00:08"]

1. e4 c5 2. Nf3 Nc6 3. Bb5 g6 4. O-O Bg7 5. c3 a6 6. Bxc6 dxc6 7. d4 cxd4 8. cxd4 Bg4 9. Be3 Nf6 10. Nbd2 O-O 11. h3 Bxf3 12. Qxf3 Nd7 13. Rfd1 Qc7 14. Rac1 Rac8 15. h4 h5 16. g4 Nf6 17. gxh5 Nxh5 18. e5 f6 19. e6 Qd6 20. Qg4 Kh7 21. Ne4 Qd5 22. Rc5 Qxa2 23. Rxh5+ gxh5 24. Qxh5+ Kg8 25. d5 Qa4 26. Rd4 Qa1+ 27. Kh2 f5 28. Ng5 Rf6 29. d6 f4 30. Qh7+ Kf8 31. dxe7+ Ke8 32. Qg8+ Bf8 33. exf8=Q+ Rxf8 34. Qg6+ Ke7 35. Qg7+ 1-0


[Site "https://www.chess.com"]

[Event "Titled Tuesday Blitz March 22 Late 2022"]
[White "Paravyan, David"]
[Black "Svicevic, Rastko"]
[WhiteFideId "4194985"]
[BlackFideId "916315"]
[WhiteElo "2569"]
[BlackElo "2132"]
[Result "1-0"]
[Round "03"]
[TimeControl "180+1"]
[Date "2022.03.22"]
[WhiteClock "0:00:14"]
[BlackClock "0:00:02"]

1. e4 c6 2. d4 d5 3. e5 c5 4. Nf3 Bg4 5. dxc5 Nc6 6. c3 e6 7. Be3 Bxf3 8. Qxf3 Nxe5 9. Bb5+ Nc6 10. O-O Nf6 11. Rd1 Qa5 12. a4 Be7 13. b4 Qc7 14. Bf4 e5 15. Bg5 e4 16. Qf5 O-O 17. Nd2 a6 18. Be2 a5 19. b5 g6 20. Qh3 Ne5 21. Nb3 Qd7 22. Qxd7 Nexd7 23. c4 h6 24. Bxh6 Rfc8 25. cxd5 Nxc5 26. Nxc5 Bxc5 27. Rac1 b6 28. d6 Ra7 29. Be3 Rd7 30. Bxc5 bxc5 31. h4 Ne8 32. h5 Rxd6 33. Rxd6 Nxd6 34. hxg6 f5 35. Rd1 Rd8 36. Rd5 Kg7 37. Rxc5 Kxg6 38. g3 Kf6 39. Kg2 Ke6 40. Bc4+ 1-0


[Site "https://www.chess.com"]

[Event "Titled Tuesday Blitz March 22 Late 2022"]
[White "Paszewski, Mateusz"]
[Black "Sanal, Vahap"]
[WhiteFideId "1141058"]
[BlackFideId "6300545"]
[WhiteElo "2102"]
[BlackElo "2603"]
[Result "1-0"]
[Round "03"]
[TimeControl "180+1"]
[Date "2022.03.22"]
[WhiteClock "0:00:11"]
[BlackClock "0:00:17"]

1. e4 e5 2. Nf3 Nc6 3. Bc4 Bc5 4. O-O Nf6 5. d3 O-O 6. h3 h6 7. Re1 d6 8. c3 a6 9. a4 Ba7 10. Nbd2 Ne7 11. Nf1 Ng6 12. Ng3 Be6 13. Bxe6 fxe6 14. d4 Nd7 15. Be3 Qe8 16. b4 Qf7 17. Qe2 Nf4 18. Bxf4 Qxf4 19. Qc4 Rf7 20. Qxe6 Nf8 21. Qc4 g6 22. Rad1 Kg7 23. Kh2 Re8 24. Re2 Qf6 25. dxe5 dxe5 26. Red2 Ree7 27. b5 a5 28. Qd5 c6 29. bxc6 bxc6 30. Qxa5 Qf4 31. c4 h5 32. h4 Nh7 33. c5 Nf6 34. Kg1 Ng4 35. Qc3 Rb7 36. Rd6 Rbc7 37. a5 Rfe7 38. a6 Nf6 39. Ng5 Ng4 40. R1d2 Nf6 41. Ne6+ Rxe6 42. Rxe6 Bxc5 43. Qxc5 Qxd2 44. Re7+ 1-0


[Site "https://www.chess.com"]